 Dungeon Crawl Stone Soup version 0.28.0-43-g3370ac3207 (webtiles) character file.

Game seed: 3439482886625992932

208 themarg the Gusty (level 5, -7/27 (28) HPs)
             Began as a Tengu Air Elementalist on Mar 5, 2022.
             Mangled by a wight
             ... wielding a +5 scimitar
              (8 damage)
             ... on level 2 of the Dungeon.
             The game lasted 00:11:18 (3921 turns).

themarg the Gusty (Tengu Air Elementalist)          Turns: 3921, Time: 00:11:19

HP:   -7/27 (28)    AC:  3    Str:  9    XL:     5   Next: 86%
MP:   9/11          EV: 15    Int: 17    God:
Gold: 121           SH:  0    Dex: 14    Spells: 7/10 levels left

rFire   . . .      SeeInvis .   c - +0 dagger
rCold   . . .      Faith    .   (no shield)
rNeg    . . .      Spirit   .   a - +0 robe
rPois   .          Reflect  .   (helmet restricted)
rElec   .          Harm     .   (no cloak)
rCorr   .          Rampage  .   g - +0 pair of gloves
Will    .....                   (boots unavailable)
Stlth   ++........              (no amulet)
HPRegen 0.09/turn               (no ring)
MPRegen 0.12/turn               (no ring)

@: flying quickly and evasively, lightly drained, quick
A: beak, talons 3, nimble flight
a: no special abilities


You were on level 2 of the Dungeon.
You visited 1 branch of the dungeon, and saw 3 of its levels.

You collected 121 gold pieces.

Inventory:

Hand Weapons
 c - a +0 dagger (weapon)
Missiles
 d - 45 stones
Armour
 a - a +0 robe (worn)
 g - a +0 pair of gloves (worn)
Jewellery
 b - an amulet of faith
Scrolls
 e - a scroll of identify {unknown}
 i - a scroll of noise {unknown}
 j - 2 scrolls of vulnerability {unknown}
 k - a scroll of blinking {unknown}
 l - a scroll of fear {unknown}
 n - a scroll of magic mapping {unknown}
 o - a scroll of enchant armour {unknown}
Potions
 f - a potion of might {unknown}
 h - a potion of degeneration {unknown}
 m - 2 potions of curing {unknown}


   Skills:
 + Level 0.3 Fighting
 + Level 2.3 Dodging
 + Level 2.3 Stealth
 + Level 3.3 Spellcasting
 + Level 4.0 Conjurations
 + Level 5.8 Air Magic


You had 7 spell levels left.
You knew the following spells:

 Your Spells              Type           Power      Damage    Failure   Level
a - Shock                 Conj/Air       76%        1d7       2%          1
b - Static Discharge      Conj/Air       19%        N/A       3%          2

Your spell library contained the following spells:

 Spells                   Type           Power      Damage    Failure   Level
 Swiftness                Air            22%        N/A       4%          3
 Airstrike                Air            11%        N/A       16%         4


Dungeon Overview and Level Annotations

Branches:
Dungeon (3/15)

Altars:
Qazlal

Shops:
D:2 (

Annotations:
D:2 1 runed translucent door, Crazy Yiuf


Innate Abilities, Weirdness & Mutations

You have a beak for a mouth.
You have claws for feet.
Your magical nature lets you fly swiftly and evasively.


Message History

The wight hits you with a +3 falchion.
You fly upwards.
Level annotation: 1 runed translucent door, Crazy Yiuf
There is a stone staircase leading down here.
Casting: Shock (safe; 2% risk of failure)
Confirm with . or Enter, or press ? or * to list all spells.
The wight is struck by an arc of lightning!
The wight is almost destroyed.
You are struck by an arc of lightning.
The lightning grounds out.
The wight closely misses you.
Casting: Static Discharge (safe; 3% risk of failure)
Confirm with . or Enter, or press ? or * to list all spells.
The wight is struck by an arc of lightning.
You destroy the wight!
You are struck by an arc of lightning.
The lightning grounds out.
Your Conjurations skill increases to level 4!
You start resting.
Magic restored.
You start resting.
HP restored.
You fly downwards.
The wight hits you with a +0 dagger. The wight closely misses you.
The wight barely misses you. The wight hits you with a +5 scimitar!
There is a stone staircase leading up here.
The wight completely misses you. The wight hits you with a +5 scimitar!
* * * LOW HITPOINT WARNING * * *
You feel drained.
* * * LOW HITPOINT WARNING * * *
You fly upwards.
Level annotation: 1 runed translucent door, Crazy Yiuf
There is a stone staircase leading down here.
Casting: Static Discharge (safe; 3% risk of failure)
Confirm with . or Enter, or press ? or * to list all spells.
The wight is struck by an arc of lightning!
The wight is heavily damaged.
You are struck by an arc of lightning.
* * * LOW HITPOINT WARNING * * *
The lightning grounds out.
The wight barely misses you. The wight hits you with a +5 scimitar!
You die...

##### #..)# #...# ... #+#
################## ##.#
#................. #.##
#.#############.## ##.#
#z######.....).... #.##
######@[............... ##.##
#....z#####.#.........#
#..P## #####.# ##...#....(..#
#PP.)# #.# #...#.#..##.##
#..).# #.# #..#...#.##...
##..#########.#
#.#..∩..#..... #..........#.#
#..#...#...... ##...#####.#.#
#...#.#.......
#########.#.####....#........


You could see 2 wights.

Vanquished Creatures
  2 wights
  A gnoll (D:1)
  4 adders
  A worm (D:3)
  2 dart slugs (D:1)
  5 orcs
  6 bats
  4 endoplasms
  4 giant cockroaches
  7 hobgoblins
  4 jackals
  3 quokkas
  5 ball pythons
  6 frilled lizards
  5 goblins
  4 kobolds
  7 rats
70 creatures vanquished.

Vanquished Creatures (others)
  7 plants (D:2)
7 creatures vanquished.

Grand Total: 77 creatures vanquished

Notes
Turn   | Place    | Note
-------+----------+-------------------------------------------
     0 | D:1      | themarg the Tengu Air Elementalist began the quest for the
                  | Orb.
     0 | D:1      | Reached XP level 1. HP: 10/10 MP: 4/4
   203 | D:1      | Reached XP level 2. HP: 15/15 MP: 0/6
   266 | D:1      | Learned a level 2 spell: Static Discharge
   785 | D:1      | Reached XP level 3. HP: 6/19 MP: 0/7
  1202 | D:1      | Found a faded altar of an unknown god.
  2032 | D:2      | Reached skill level 5 in Air Magic
  2032 | D:2      | Reached XP level 4. HP: 11/24 MP: 0/9
  2444 | D:2      | Found Lottutzi's Antique Weapon Shop.
  2612 | D:2      | Found a runed translucent door.
  2613 | D:2      | Noticed Crazy Yiuf
  3521 | D:3      | Found a stormy altar of Qazlal.
  3528 | D:3      | Gained mutation: Your magical nature lets you fly swiftly
                  | and evasively. [Tengu growth]
  3528 | D:3      | Reached XP level 5. HP: 28/28 MP: 5/10
  3921 | D:2      | HP: 1/27 [/static electricity (1)]
  3921 | D:2      | Mangled by a wight

Illustrated notes

Levels and vault maps discovered:
D:1:      pf_arrival_petrified_forest, layout_basic,
          hellmonk_ecumenical_altar_zigzags, minmay_misc_feat_ornament,
          minmay_stone_trees_large, glass_columns_c
D:2:      layout_basic, serial_forest, infiniplex_forest_clump_C,
          infiniplex_forest_straight_2, infiniplex_forest_clump_long,
          infiniplex_forest_lined_3, infiniplex_forest_lined_corner,
          infiniplex_forest_clump_curved, infiniplex_forest_straight_3,
          infiniplex_forest_split, infiniplex_forest_lined_room_2,
          infiniplex_forest_straight_3, serial_shops, nicolae_diamond_shop,
          minivault_23, roderic_malta_cross, uniq_crazy_yiuf_cottage
D:3:      layout_basic, grunt_qazlal_sundering, minmay_misc_feat_x,
          roderic_roman_lattice, grunt_decor_arrowhead, minivault_5,
          uniq_natasha

Skill      XL: |  1  2  3  4  5 |
---------------+----------------+-----
Conjurations   | 2 3 4 |  4.0
Air Magic      | 5 |  5.8
Spellcasting   | 3 |  3.3
Fighting       | |  0.3
Dodging        | |  2.3
Stealth        | |  2.3

Action                   |  1- 3 |  4- 6 || total
-------------------------+-------+-------++-------
Melee: Dagger            |     4 |     9 ||    13
       Peck              |     1 |       ||     1
       Kick              |       |     2 ||     2
 Cast: Shock             |    83 |    52 ||   135
       Static Discharge  |     4 |     9 ||    13
Armor: Robe              |     4 |     2 ||     6
Dodge: Dodged            |     9 |    17 ||    26
